Map: [ESL] Royal Blood

Players

Spirit

  • Race: Terran Terran
  • Spawn Location: 7:00

Wayne - Winner!

  • Race: Zerg Zerg
  • Spawn Location: 1:00

Event: ESL SC2 Masters 2023 Summer (Regionals)

VOD

Have the link to the VOD?

Description

Time

  • Played on: May 5, 2023, 10:09 a.m.
  • Length: 6:34

All games in this series

Show
View Real Time Build Order
Export as new Build Order

Spirit Terran 

Build Orders: Reaper Expand, Hellion Banshee 

Get SALT Encoding   

  12  0:01  SCV  
  13  0:13  SCV  
  14  0:17  Supply Depot  
  14  0:25  SCV  
  15  0:39  SCV  
  15  0:41  Barracks  
  16  0:44  Refinery  
  16  0:51  SCV  
  17  1:03  SCV  
  18  1:15  SCV  
  19  1:28  Reaper  
  19  1:29  Orbital Command  
  20  1:40  Command Center  
  20  1:48  Supply Depot  
  20  1:54  SCV  
  20  2:00  Marine  
  22  2:06  SCV  
  23  2:12  Factory  
  23  2:19  SCV  
  23  2:22  Barracks Reactor  
  24  2:31  SCV  
  25  2:40  Command Center  
  25  2:43  SCV  
  26  2:53  Orbital Command  
  26  2:56  SCV  
  27  3:02  Starport  
  27  3:08  SCV, Refinery  
  27  3:10  Hellion  
  30  3:16  Hellion  
  30  3:18  Barracks Tech Lab  
  32  3:20  SCV  
  32  3:24  SCV  
  34  3:32  SCV  
  34  3:34  Hellion  
  37  3:36  SCV  
  37  3:38  Hellion  
  40  3:44  SCV, Banshee  
  44  3:50  SCV  
  44  3:52  Orbital Command  
  44  3:55  Hellion  
  47  3:56  SCV  
  47  3:59  Hellion  
  47  4:01  Cloaking Field  
  50  4:06  Supply Depot  
  50  4:07  Barracks Tech Lab  
  50  4:09  SCV  
  51  4:10  SCV  
  52  4:19  Hellion  
  52  4:20  SCV  
  52  4:21  Hellion, SCV  
  52  4:22  SCV  
  59  4:27  Banshee  
  59  4:30  Supply Depot  
  62  4:32  SCV  
  62  4:34  Supply Depot  
  62  4:36  SCV x2  
  65  4:40  Stimpack, Marine  
  65  4:44  SCV  
  67  4:46  Barracks  
  67  4:53  Factory Reactor  
  67  4:54  Supply Depot  
  67  4:56  Refinery  
  67  4:58  Barracks, Marine, Refinery  
  68  5:01  SCV x3  
  71  5:09  Engineering Bay  
  71  5:10  Engineering Bay  
  71  5:12  Supply Depot  
  71  5:13  SCV  
  72  5:15  SCV  
  72  5:20  Marine  
  75  5:23  Orbital Command  
  75  5:25  SCV  
  75  5:27  SCV  
  76  5:28  Starport Reactor  
  76  5:34  Marine x2  
  78  5:38  SCV, Marine  
  78  5:41  SCV  
  72  5:48  Marine  
  65  5:50  SCV  
  65  5:52  Marine x2, Siege Tank  
  65  5:53  SCV  
  65  5:54  SCV  
  65  5:56  Marine  
  71  6:02  SCV  
  72  6:05  SCV  
  72  6:06  SCV, Marine  
  72  6:09  Marine x2  
  74  6:14  Marine, SCV  
  74  6:17  SCV  
  74  6:18  SCV  
  75  6:25  Bunker  
  74  6:27  Bunker  
Show
View Real Time Build Order
Export as new Build Order

Wayne Zerg - Winner!

Build Orders: Hatch First 

Get SALT Encoding   

  12  0:00  Drone  
  13  0:12  Overlord  
  13  0:17  Drone  
  14  0:31  Drone x2  
  16  0:47  Hatchery  
  15  0:51  Drone  
  15  0:54  Drone  
  17  0:57  Drone  
  18  1:08  Extractor  
  17  1:13  Spawning Pool  
  17  1:15  Drone  
  17  1:19  Drone  
  18  1:27  Drone  
  19  1:38  Drone  
  20  1:49  Drone  
  21  2:00  Queen x2  
  21  2:01  Zergling x4  
  27  2:11  Overlord  
  27  2:12  Drone  
  28  2:23  Hatchery  
  28  2:24  Drone  
  28  2:31  Drone  
  28  2:33  Drone  
  28  2:35  Drone  
  31  2:38  Queen  
  31  2:44  Metabolic Boost  
  33  2:48  Overlord  
  33  2:52  Drone  
  33  2:53  Drone  
  33  2:55  Drone  
  36  3:06  Queen  
  36  3:09  Drone x2  
  36  3:10  Drone x2  
  42  3:17  Drone x2  
  44  3:20  Overlord  
  44  3:34  Queen  
  44  3:36  Queen  
  44  3:37  Drone x2  
  50  3:41  Extractor  
  50  3:42  Drone x4  
  53  3:51  Overlord  
  53  3:52  Drone x2  
  55  3:58  Lair  
  55  4:04  Zergling x6  
  55  4:09  Overlord  
  58  4:13  Queen  
  60  4:20  Queen  
  62  4:26  Drone x4  
  62  4:27  Overlord x3  
  66  4:36  Drone  
  66  4:37  Zergling x6  
  70  4:42  Spore Crawler  
  70  4:43  Spore Crawler  
  70  4:44  Spore Crawler  
  67  4:48  Drone x2  
  67  4:50  Queen  
  71  4:54  Zergling x8  
  71  4:58  Nydus Network  
  74  5:02  Overseer  
  74  5:08  Zergling x12  
  80  5:15  Zergling x10  
  80  5:20  Overseer  
  85  5:24  Zergling x12  
  91  5:29  Overseer  
  91  5:34  Nydus Canal  
  91  5:37  Zergling x10  
  91  5:41  Overseer  
  96  5:47  Zergling x12  
  97  5:52  Zergling x2  
  97  5:54  Zergling x2  
  97  5:59  Zergling x2  
  97  6:00  Zergling x2  
  97  6:02  Nydus Canal  
  96  6:04  Zergling x4  
  96  6:05  Overlord  
  96  6:07  Overlord  
  96  6:10  Overlord  
  97  6:11  Overlord  
  97  6:15  Overlord  
  97  6:16  Zergling x2  
  98  6:19  Overseer  
Tags
 
Add a new tag
Caveats
  • Supply blocks, unpowered buildings, or Contaminate may cause inaccurate times.
  • Supply counts are checked every 10 seconds.